 Dungeon Crawl Stone Soup version 0.29.1-12-g30fa7ad0bf (webtiles) character file.

Game seed: 15693628565231151875

44 ChadusMaximus the Shield-Bearer (level 3, -2/33 HPs)
             Began as a Minotaur Fighter on Dec 18, 2022.
             Succumbed to a goblin's poison
             ... on level 2 of the Dungeon.
             The game lasted 00:00:40 (935 turns).

ChadusMaximus the Shield-Bearer (Minotaur Fighter)   Turns: 935, Time: 00:00:41

Health: -2/33      AC:  8    Str: 22    XL:     3   Next: 39%
Magic:  2/2        EV:  9    Int:  5    God:
Gold:   36         SH:  4    Dex:  9    Spells: 2/2 levels left

rFire   . . .      SeeInvis .   a - +0 war axe
rCold   + . .      Faith    .   c - +0 buckler
rNeg    + . .      Spirit   .   b - +0 scale mail
rPois   .          Reflect  .   (helmet restricted)
rElec   .          Harm     .   (no cloak)
rCorr   .          Rampage  .   m - +0 pair of gloves
Will    .....                   (no boots)
Stlth   ..........              (no amulet)
HPRegen 0.11/turn               e - ring of protection from cold
MPRegen 0.08/turn               j - ring of positive energy

@: lethally poisoned (-2 -> -15)
A: horns 2, retaliatory headbutt
a: no special abilities


You were on level 2 of the Dungeon.
You visited 1 branch of the dungeon, and saw 2 of its levels.

You collected 36 gold pieces.

Inventory:

Hand Weapons
 a - a +0 war axe (weapon)
Armour
 b - a +0 scale mail (worn)
 c - a +0 buckler (worn)
 m - a +0 pair of gloves (worn)
Jewellery
 e - a ring of protection from cold (left hand)
 j - a ring of positive energy (right hand)
Scrolls
 f - a scroll of noise {unknown}
 h - a scroll of teleportation {unknown}
 i - a scroll of identify {unknown}
 l - a scroll of silence {unknown}
Potions
 d - a potion of might
 g - a potion of magic
 k - a potion of attraction {unknown}


   Skills:
 + Level 4.1 Fighting
 + Level 3.1 Axes
 + Level 4.1 Armour
 + Level 4.1 Shields


You had 2 spell levels left.
You didn't know any spells.
Your spell library was empty.

Dungeon Overview and Level Annotations

Branches:
Dungeon (2/15)

Altars:

Shops:
D:1 ?


Innate Abilities, Weirdness & Mutations

You have a pair of horns on your head.
You reflexively headbutt those who attack you in melee.


Message History

You slash the ball python!
You kill the ball python!
You block the goblin's attack.
Unknown command.
You hit the goblin.
The goblin is moderately wounded.
The goblin hits you with a +2 dagger of venom.
You are poisoned.
You hit the goblin but do no damage.
The goblin is moderately wounded.
You feel very sick.
The goblin hits you with a +2 dagger of venom.
You are lethally poisoned!
An endoplasm comes into view.
Unknown command.
You are too injured to fight recklessly!
Unknown command.
There is a lethal amount of poison in your body!
You are too injured to fight recklessly!
You are too injured to fight recklessly!
Unknown command.
You closely miss the goblin.
The goblin is moderately wounded.
You feel very sick.
The endoplasm quivers.
The goblin hits you with a +2 dagger of venom.
* * * LOW HITPOINT WARNING * * *
You are more poisoned.
The endoplasm freezes you.
You are frozen.
You resist.
* * * LOW HITPOINT WARNING * * *
The goblin hits you but does no damage.
You hit the goblin.
You kill the goblin!
You slash the endoplasm!
You kill the endoplasm!
* * * LOW HITPOINT WARNING * * *
You feel very sick.
It was a potion of magic.
Magic courses through your body.
You die...

..### #...# #.#####.
.....###...####.#.....
## #..................
#!? #..........8.8..#..
...#.........8.8.8....
..#...#...#..8_8...[.
#.##.....#.8.8.8....
..#g#.....#..8.8.....
#.. #@##...#....†...##
..#...#.#...##..###..# .
##.$ #.##......###.#
.... #?#.####.###.##
.......###.####.##...#
#..............##.##^...
..........#..#.##.##...#
#........ #..#.....#####
..............#


You could see a hobgoblin.

Vanquished Creatures
  2 adders (D:2)
  4 dart slugs
  6 ball pythons
  An endoplasm (D:2)
  2 goblins (D:2)
  A hobgoblin (D:2)
  A quokka (D:2)
  2 frilled lizards
19 creatures vanquished.

Notes
Turn   | Place    | Note
-------+----------+-------------------------------------------
     0 | D:1      | ChadusMaximus the Minotaur Fighter began the quest for the
                  | Orb.
     0 | D:1      | Reached XP level 1. HP: 19/19 MP: 0/0
   401 | D:1      | Found Ewuhat's Magic Scroll Shoppe.
   688 | D:2      | Reached XP level 2. HP: 27/27 MP: 1/1
   702 | D:2      | Found a faded altar of an unknown god.
   925 | D:2      | Reached XP level 3. HP: 33/33 MP: 2/2
   934 | D:2      | HP: 1/33 [poisoned by a goblin]
   935 | D:2      | Succumbed to a goblin's poison

Illustrated notes

Levels and vault maps discovered:
D:1:      dpeg_arrival_circle_labyrinth_a, layout_basic, serial_shops, shop,
          nrook_mini_backslash, corner_web_ring, minmay_worlds_worst_comb
D:2:      layout_loops_cross, chequers_ecumenical_altar_simple_redux,
          minmay_vboxes

Skill      XL: |  1  2 |
---------------+-------+-----
Fighting       | 4 |  4.1
Armour         | 4 |  4.1
Shields        | 4 |  4.1
Axes           | 3 |  3.1

Action                   || total
-------------------------++-------
Melee: War axe           ||    39
       Headbutt          ||     2
  Use: Potion            ||     1
Armor: Scale mail        ||    27
Dodge: Dodged            ||    20
Block: Buckler           ||    11
